 Dungeon Crawl Stone Soup version 0.31.0-11-ge490571c62 (webtiles) character file.

Game seed: 14881262518673989583

6 puppykicker the Grave Robber (level 1, 5/9 HPs)
             Began as a Vine Stalker Necromancer on Jan 28, 2024.
             Quit the game on level 1 of the Dungeon.
             The game lasted 00:00:48 (142 turns).

puppykicker the Grave Robber (VSNe)                  Turns: 142, Time: 00:00:49

Health: 5/9        AC:  2    Str: 10    XL:     1   Next: 90%
Magic:  0/4        EV: 12    Int: 15    God:
Gold:   24         SH:  0    Dex: 14    Spells: 3/4 levels left

rFire   . . .        (no weapon)
rCold   . . .        (no shield)
rNeg    . . .        a - +0 robe
rPois   .            (no helmet)
rElec   .            (no cloak)
rCorr   .            (no gloves)
SInv    .            (no boots)
Will    .....        (no amulet)
Stlth   ++           (no ring)
HPRegen 1.01/turn    (no ring)
MPRegen 0.09/turn

%: guardian spirit
@: no status effects
A: fangs 2, regeneration 1, magic shield, antimagic bite, no potion heal 2
a: no special abilities


You were on level 1 of the Dungeon.
You visited 1 branch of the dungeon, and saw 1 of its levels.

You collected 24 gold pieces.

Inventory:

Armour
 a - a +0 robe (worn)
Potions
 b - a potion of magic


   Skills:
 + Level 0.4 Fighting
 - Level 1.5 Dodging
 - Level 2.4 Stealth
 + Level 2.3 Spellcasting
 + Level 4.1 Necromancy


You had 3 spell levels left.
You knew the following spells:

 Your Spells              Type           Power      Damage    Failure   Level
a - Necrotise             Necr           56%        1d6       4%          1

Your spell library contained the following spells:

 Spells                   Type           Power      Damage    Failure   Level
 Vampiric Draining        Necr           14%        2d7       12%         3
 Animate Dead             Necr           14%        N/A       36%         4
 Curse of Agony           Necr           14%        N/A       73%         5


Dungeon Overview and Level Annotations

Branches:
Dungeon (1/15)

Altars:


Innate Abilities, Weirdness & Mutations

You have extremely sharp teeth.
Your natural rate of healing is unusually fast.
When hurt, damage is shared between your health and your magic reserves.
Your bite disrupts and absorbs the magic of your enemies.
Potions cannot restore your health.


Message History

The bat hits your ball python skeleton.
The quokka bites your ball python skeleton.
Health restored: 9 The bat hits your ball python skeleton.
Your ball python skeleton is destroyed!
The bat barely misses you. The bat attacks as it pursues you!
The bat hits you but does no damage. The bat misses you.
You see here a scroll labelled YPUG ALIADYAWN.
c - a scroll labelled YPUG ALIADYAWN The bat completely misses you.
The bat closely misses you. The kobold closely misses you.
You barely miss the kobold. You bite the kobold, but do no damage.
The bat hits you.
A ball python comes into view.
The kobold hits you with a +0 short sword.
You take 3 damage, and have 6/9 hp.
MASSIVE DAMAGE!!
As you read the scroll labelled YPUG ALIADYAWN, it crumbles to dust.
It is a scroll of identify.
You don't currently have any unidentified items.
The bat barely misses you.
The kobold hits you with a +0 short sword.
Okay, then.
You miss the bat. You bite the bat, but do no damage.
The bat hits you but does no damage. The bat hits you.
* * * LOW MAGIC WARNING * * *
The kobold hits you with a +0 short sword.
* * * LOW HITPOINT WARNING * * *
You take 3 damage, and have 3/9 hp.
MASSIVE DAMAGE!!
You now have 0/4 mp.
You hit the bat but do no damage. The bat closely misses you.
The kobold barely misses you.
You miss the bat. The bat closely misses you.
The kobold hits you but does no damage.
Unknown command.
Unknown command.
Unknown command.
Are you sure you want to abandon this character and quit the game? (Confirm with "yes".)

.. .#.. #.#.###
#.....###
#...SK@#
..#...#b#
#.$.#r#######
#....S.......
#.###.#######
~..#[....#
#......######
~..#.###.##...#
#.##.# #.##...#


You could see a quokka, a bat, 2 ball pythons and a kobold.

Levels and vault maps discovered:
D:1:      dpeg_arrival_simpleton_a, layout_basic,
          shapermc_ecumenical_altar_starsandcircs

Notes
Turn   | Place    | Note
-------+----------+-------------------------------------------
     0 | D:1      | puppykicker the Vine Stalker Necromancer began the quest
                  | for the Orb.
     0 | D:1      | Reached XP level 1. HP: 9/9 MP: 4/4
   128 | D:1      | Identified a +0 short sword
   138 | D:1      | Identified a scroll of identify
   142 | D:1      | Quit the game

Table legend: (Time is in decaauts)
 A = Elapsed time spent in this place.
 B = Non-inter-level travel time spent in this place.
 C = Inter-level travel time spent in this place.
 D = Time resting spent in this place.
 E = Time spent auto-exploring this place.
 F = Levels seen in this place.
 G = Mean time per level.
                   A        B        C        D        E       F      G
               +--------+--------+--------+--------+--------+-----+--------+
         Total |    142 |    142 |      0 |     30 |     75 |   1 |  142.0 |
       Dungeon |    142 |    142 |      0 |     30 |     75 |   1 |  142.0 |
               +--------+--------+--------+--------+--------+-----+--------+

Top non-repeatable levels by time:
     D:1: 142 daAuts

Table legend:
 A = Kills in this place as a percentage of kills in the entire game.
 B = Kills by you in this place as a percentage of kills by you in the entire game.
 C = Kills by friends in this place as a percentage of kills by friends in the entire game.
 D = Other kills in this place as a percentage of other kills in the entire game.
 E = Experience gained in this place as a percentage of experience gained in the entire game.
 F = Experience gained in this place divided by the number of levels of this place that you have seen.
                   A       B       C       D       E      F
               +-------+-------+-------+-------+-------+----------------------
         Total | 100.0 | 100.0 | 100.0 |   N/A | 100.0 |   9.0
       Dungeon | 100.0 | 100.0 | 100.0 |   N/A | 100.0 |   9.0
               +-------+-------+-------+-------+-------+----------------------

Action                     || total
---------------------------++-------
  Melee: Unarmed           ||     5
         Bite              ||     3
   Cast: Necrotise         ||    12
    Use: Scroll            ||     1
 Armour: Robe              ||    12
  Dodge: Dodged            ||    10

Vanquished Creatures
  A bat (D:1)
  A hobgoblin (D:1)
  2 ball pythons (D:1)
  A frilled lizard (D:1)
5 creatures vanquished.

Vanquished Creatures (collateral kills)
  A hobgoblin (D:1)
1 creature vanquished.

Grand Total: 6 creatures vanquished
